 Dungeon Crawl Stone Soup version 0.29-a0-870-g2c972031a6 (webtiles) character file.

Game seed: 6103817567254180947

1 xian the Trooper (level 1, -1/18 HPs)
             Began as a Demonspawn Fighter on July 18, 2022.
             Slain by a quokka (4 damage)
             ... on level 1 of the Dungeon.
             The game lasted 00:00:18 (30 turns).

xian the Trooper (Demonspawn Fighter)                 Turns: 30, Time: 00:00:19

Health: -1/18      AC:  6    Str: 16    XL:     1   Next: 16%
Magic:  1/1        EV:  8    Int:  9    God:
Gold:   0          SH:  4    Dex: 12    Spells: 0/0 levels left

rFire   . . .      SeeInvis .     - Unarmed
rCold   . . .      Faith    .   b - +0 buckler
rNeg    . . .      Spirit   .   a - +0 scale mail
rPois   .          Reflect  .   (no helmet)
rElec   .          Harm     .   (no cloak)
rCorr   .          Rampage  .   (no gloves)
Will    .....                   (no boots)
Stlth   ..........              (no amulet)
HPRegen 0.06/turn               (no ring)
MPRegen 0.07/turn               (no ring)

@: no status effects
A: no striking features
a: no special abilities


You were on level 1 of the Dungeon.
You visited 1 branch of the dungeon, and saw 1 of its levels.

Inventory:

Armour
 a - a +0 scale mail (worn)
 b - a +0 buckler (worn)
Potions
 c - a potion of might
 d - a potion of cancellation {unknown}


   Skills:
 + Level 3.0 Fighting
 + Level 2.7 Armour
 + Level 2.7 Shields
 + Level 1.7 Unarmed Combat


You couldn't memorise any spells.
You didn't know any spells.
Your spell library was empty.

Dungeon Overview and Level Annotations

Branches:
Dungeon (1/15)

Altars:


Message History

An endoplasm comes into view.
The hobgoblin hits you but does no damage.
You barely miss the hobgoblin.
The hobgoblin is severely wounded.
The quokka twitches its whiskers.
The hobgoblin hits you but does no damage. x2
You barely miss the hobgoblin.
The hobgoblin is severely wounded.
The quokka closely misses you. The hobgoblin barely misses you.
The hobgoblin hits you but does no damage.
You barely miss the hobgoblin.
The hobgoblin is severely wounded.
The quokka bites you.
The quokka bites you but does no damage.
The hobgoblin closely misses you. You block the hobgoblin's attack.
You hit the hobgoblin.
You kill the hobgoblin!
The quokka bites you but does no damage.
The hobgoblin barely misses you. The quokka attacks as you move away!
The quokka closely misses you. The endoplasm freezes you.
You are frozen.
* * * LOW HITPOINT WARNING * * *
The hobgoblin hits you.
* * * LOW HITPOINT WARNING * * *
You see here a hobgoblin corpse.
You hit the hobgoblin.
The hobgoblin is severely wounded.
The quokka barely misses you. You block the endoplasm's attack.
The hobgoblin hits you but does no damage.
You closely miss the hobgoblin.
The hobgoblin is severely wounded.
The quokka bites you but does no damage.
The endoplasm hits you but does no damage.
You block the hobgoblin's attack.
Unknown command.
You hit the hobgoblin but do no damage.
The hobgoblin is severely wounded.
The quokka bites you.
You die...

###...# #...#
#...# ######...#
# #....#.#.#
#.#......#.#
#..........#
...##.......###
.......@g.....#
.#....J.r.#.#...#
###..............
........#####.##
####.....# .#
####... # ..#..
###.#


You could see an endoplasm, a quokka and a hobgoblin.

Vanquished Creatures
  A hobgoblin (D:1)
1 creature vanquished.

Notes
Turn   | Place    | Note
-------+----------+-------------------------------------------
     0 | D:1      | xian the Demonspawn Fighter began the quest for the Orb.
     0 | D:1      | Reached XP level 1. HP: 18/18 MP: 1/1
    30 | D:1      | Slain by a quokka

Illustrated notes

Levels and vault maps discovered:
D:1:      amcnicky_arrival_blooded_trapdoor, layout_rooms

Action                   || total
-------------------------++-------
Melee: Unarmed           ||    13
Armor: Scale mail        ||    11
Dodge: Dodged            ||     9
Block: Buckler           ||     4

Table legend: (Time is in decaauts)
 A = Elapsed time spent in this place.
 B = Non-inter-level travel time spent in this place.
 C = Inter-level travel time spent in this place.
 D = Time resting spent in this place.
 E = Time spent auto-exploring this place.
 F = Levels seen in this place.
 G = Mean time per level.
                   A        B        C        D        E       F      G
               +--------+--------+--------+--------+--------+-----+--------+
         Total |     30 |     30 |      0 |      0 |      3 |   1 |   30.0 |
       Dungeon |     30 |     30 |      0 |      0 |      3 |   1 |   30.0 |
               +--------+--------+--------+--------+--------+-----+--------+

Top non-repeatable levels by time:
     D:1: 30 daAuts
